Map: Dusk Towers

Players

LiquidMaNa (MaNa)

  • Race: Protoss Protoss
  • League: Grandmaster

MarineLorD - Winner!

  • Race: Terran Terran
  • League: Platinum

Event: Homestory Cup XII

VOD

Have the link to the VOD?

Description

Time

  • Played on: Dec. 17, 2015, 8:36 a.m.
  • Length: 16:55

All games in this series

Show
View Real Time Build Order
Export as new Build Order

LiquidMaNa Protoss 

Build Orders: 1 Gate Expand, Oracle Opening, Phoenix Opening 

Get SALT Encoding   

  12  0:00  Probe (Chrono Boost)  
  13  0:11  Probe (Chrono Boost)  
  14  0:16  Pylon  
  14  0:22  Probe (Chrono Boost)  
  15  0:35  Probe (Chrono Boost), Gateway  
  16  0:45  Probe (Chrono Boost)  
  16  0:46  Assimilator  
  17  0:56  Probe (Chrono Boost)  
  18  1:15  Nexus  
  18  1:26  Cybernetics Core  
  18  1:31  Probe (Chrono Boost)  
  19  1:38  Assimilator  
  19  1:41  Probe (Chrono Boost)  
  20  1:48  Pylon  
  20  1:52  Probe (Chrono Boost)  
  20  2:02  Probe (Chrono Boost), Warp Gate  
  20  2:07  Stalker  
  23  2:13  Probe (Chrono Boost)  
  24  2:24  Probe (Chrono Boost)  
  24  2:26  Stargate  
  24  2:29  Probe (Chrono Boost)  
  26  2:34  Probe (Chrono Boost)  
  27  2:40  Probe (Chrono Boost)  
  27  2:43  Stalker  
  30  2:46  Probe (Chrono Boost)  
  30  2:50  Probe (Chrono Boost)  
  32  2:57  Probe (Chrono Boost)  
  33  3:01  Probe (Chrono Boost)  
  34  3:06  Probe (Chrono Boost)  
  34  3:09  Oracle (Chrono Boost)  
  38  3:13  Assimilator  
  38  3:15  Pylon  
  38  3:16  Probe  
  38  3:19  Mothership Core  
  41  3:28  Probe  
  41  3:30  Adept  
  44  3:35  Pylon  
  44  3:40  Probe  
  45  3:42  Probe  
  45  3:43  Phoenix (Chrono Boost)  
  48  3:53  Probe x2 (Chrono Boost)  
  50  3:57  Robotics Facility  
  50  4:05  Probe x2 (Chrono Boost)  
  50  4:06  Pylon  
  51  4:16  Probe x2 (Chrono Boost)  
  52  4:26  Probe (Chrono Boost)  
  52  4:27  Probe (Chrono Boost)  
  52  4:37  Probe x2 (Chrono Boost)  
  50  4:45  Phoenix  
  50  4:48  Mothership Core (Chrono Boost), Adept  
  52  4:52  Probe (Chrono Boost)  
  45  5:03  Probe (Chrono Boost)  
  45  5:06  Probe (Chrono Boost)  
  45  5:13  Probe (Chrono Boost)  
  44  5:19  Probe (Chrono Boost)  
  45  5:24  Probe (Chrono Boost)  
  46  5:30  Probe (Chrono Boost)  
  46  5:35  Probe (Chrono Boost)  
  48  5:37  Phoenix  
  48  5:40  Probe (Chrono Boost)  
  51  5:45  Probe (Chrono Boost)  
  51  5:47  Observer  
  51  5:49  Adept  
  55  5:51  Probe (Chrono Boost)  
  55  5:56  Probe (Chrono Boost)  
  57  5:57  Pylon  
  57  5:58  Assimilator  
  57  6:02  Probe (Chrono Boost)  
  58  6:04  Phoenix  
  60  6:11  Gateway  
  60  6:14  Gateway  
  60  6:16  Probe (Chrono Boost)  
  61  6:24  Probe (Chrono Boost)  
  62  6:30  Warp Prism  
  64  6:33  Probe (Chrono Boost)  
  64  6:34  Probe (Chrono Boost)  
  64  6:35  Twilight Council  
  64  6:39  Phoenix  
  68  6:44  Probe (Chrono Boost)  
  68  6:45  Probe (Chrono Boost)  
  70  6:49  Pylon  
  70  6:57  Adept  
  70  7:01  Probe x2 (Chrono Boost)  
  74  7:06  Nexus  
  74  7:13  Resonating Glaives (Chrono Boost)  
  74  7:17  Immortal (Chrono Boost)  
  74  7:19  Pylon  
  74  7:20  Adept x3  
  84  7:24  Phoenix  
  83  7:30  Pylon  
  83  7:40  Sentry, Adept x2  
  83  7:42  Pylon  
  89  7:51  Pylon  
  89  7:56  Pylon x2  
  89  8:00  Adept x2  
  93  8:08  Pylon  
  93  8:09  Immortal (Chrono Boost)  
  93  8:17  Adept  
  97  8:30  Adept x2  
  97  8:32  Probe x2  
  103  8:40  Pylon  
  103  8:42  Adept  
  103  8:45  Immortal  
  89  9:06  Stalker x3  
  89  9:08  Probe  
  86  9:12  Phoenix  
  88  9:20  Gateway  
  88  9:21  Immortal  
  86  9:24  Gateway  
  86  9:32  Sentry x3  
  88  9:39  Nexus  
  88  9:46  Pylon  
  88  9:49  Pylon  
  88  9:55  Adept x3  
  88  9:59  Blink (Chrono Boost)  
  94  10:01  Probe x2  
  94  10:02  Observer  
  97  10:17  Adept x3  
  101  10:32  Adept x2  
  103  10:41  Adept  
  103  10:42  Adept x2  
  109  10:47  Observer  
  109  10:48  Probe x2  
  112  10:54  Adept x2  
  98  11:13  Probe  
  98  11:18  Adept x4  
  93  11:23  Probe  
  93  11:24  Probe  
  87  11:26  Immortal  
  85  11:39  Probe  
  81  11:40  Probe x2  
  81  11:41  Stalker x5, Gateway  
  94  11:51  Forge  
  94  11:53  Forge  
  90  12:02  Immortal  
  90  12:06  Robotics Bay  
  90  12:07  Sentry x4  
  102  12:14  Adept  
  104  12:22  Gateway  
  104  12:24  Pylon  
  104  12:32  Adept x4  
  112  12:40  Assimilator  
  112  12:41  Stalker, Pylon, Assimilator  
  112  12:42  Stalker  
  116  12:50  Immortal  
  119  12:53  Stalker  
  119  12:55  Stalker  
  123  13:15  Adept x2  
  123  13:16  Adept x3  
  132  13:22  Phoenix  
  132  13:24  Forge  
  132  13:25  Forge  
  124  13:42  Adept  
  124  13:43  Stalker x2, Adept x2  
  131  13:53  Disruptor  
  134  14:00  Protoss Ground Weapons Level 1 (Chrono Boost), Protoss Ground Armor Level 1 (Chrono Boost)  
  132  14:04  Stalker  
  132  14:09  Stalker  
  124  14:30  Adept  
  124  14:31  Adept x4  
  96  14:43  Immortal  
  94  15:03  Nexus  
  94  15:22  Immortal, Pylon  
  94  15:24  Pylon  
  98  15:30  Sentry  
  100  15:39  Probe x2  
  102  15:55  Stalker x4  
  107  16:05  Immortal  
  109  16:29  Adept  
Show
View Real Time Build Order
Export as new Build Order

MarineLorD Terran - Winner!

Build Orders: 1/1/1, Liberator Opening, Bio Tank, MMM Bio 

Get SALT Encoding   

  12  0:00  SCV  
  13  0:13  SCV  
  14  0:17  Supply Depot  
  14  0:25  SCV  
  15  0:39  SCV  
  15  0:40  Barracks  
  16  0:44  Refinery  
  16  0:51  SCV  
  16  0:54  Refinery  
  17  1:03  SCV  
  18  1:15  SCV  
  19  1:27  Marine  
  19  1:28  Orbital Command  
  19  1:30  Supply Depot  
  20  1:41  Factory  
  20  1:45  Barracks Reactor  
  21  1:54  SCV  
  21  2:06  SCV, Supply Depot  
  22  2:18  SCV  
  22  2:21  Marine x2  
  25  2:25  Starport  
  25  2:27  Hellion  
  27  2:30  SCV  
  28  2:39  Marine x2  
  28  2:42  SCV  
  31  2:46  Supply Depot  
  31  2:49  Hellion  
  33  2:56  SCV  
  33  2:57  Marine x2  
  36  3:01  Medivac  
  38  3:10  Hellion  
  40  3:14  SCV  
  40  3:17  Supply Depot  
  42  3:20  Liberator  
  42  3:26  SCV  
  42  3:30  Widow Mine  
  44  3:38  SCV  
  44  3:39  Marine x2  
  50  3:50  SCV  
  51  3:59  Command Center  
  51  4:03  SCV  
  51  4:09  Marine  
  52  4:10  Marine  
  52  4:15  SCV  
  55  4:17  Liberator  
  53  4:27  SCV, Marine x2  
  50  4:34  Factory Tech Lab  
  53  4:39  SCV  
  54  4:48  Supply Depot x2  
  54  4:51  SCV  
  55  4:58  Marine x2  
  51  5:03  SCV  
  48  5:15  SCV  
  48  5:16  Siege Tank, Marine x2  
  48  5:19  Liberator  
  54  5:27  SCV  
  55  5:29  Barracks  
  55  5:30  Barracks  
  53  5:39  SCV  
  53  5:40  Marine x2  
  57  5:44  Orbital Command  
  57  5:51  SCV, Cyclone  
  61  5:58  Marine x2  
  61  6:04  SCV  
  64  6:09  Engineering Bay  
  64  6:12  SCV  
  64  6:16  SCV, Marine x2  
  64  6:17  Barracks Tech Lab  
  68  6:18  Barracks Tech Lab  
  68  6:19  Viking  
  68  6:21  Refinery  
  68  6:24  SCV  
  69  6:28  SCV  
  70  6:34  Marine  
  70  6:36  SCV  
  70  6:37  Missile Turret  
  70  6:38  Missile Turret  
  72  6:40  SCV, Marine x2  
  72  6:42  Terran Infantry Weapons Level 1  
  72  6:46  Stimpack  
  75  6:49  SCV  
  75  6:52  SCV, Marauder  
  79  7:02  SCV  
  79  7:03  Siege Tank  
  86  7:08  Marauder  
  86  7:10  Supply Depot  
  86  7:13  Supply Depot  
  85  7:21  Command Center  
  85  7:28  SCV  
  86  7:31  SCV, Marine x2  
  86  7:32  Marauder  
  91  7:39  Siege Tank  
  91  7:41  Marine  
  91  7:43  SCV  
  96  7:49  Marine  
  97  7:53  Starport Reactor  
  97  7:56  Refinery  
  97  7:57  SCV x2, Barracks  
  99  7:59  Barracks  
  99  8:02  Combat Shields  
  99  8:04  Marine  
  100  8:05  Marine  
  102  8:14  Supply Depot x2  
  102  8:16  SCV  
  102  8:22  Marauder  
  101  8:28  SCV  
  101  8:32  Viking  
  101  8:33  Medivac  
  106  8:39  Orbital Command  
  106  8:40  SCV  
  107  8:51  Marauder, Marine x2  
  107  8:52  SCV, Marauder  
  107  8:53  Barracks Tech Lab  
  114  9:02  SCV  
  92  9:03  Marine  
  92  9:04  SCV  
  71  9:11  Marine x2  
  71  9:14  Orbital Command  
  71  9:16  SCV  
  60  9:28  SCV  
  60  9:36  Terran Infantry Armor Level 1  
  60  9:40  SCV  
  60  9:41  SCV  
  60  9:42  Marine  
  63  9:47  Marine  
  63  9:49  Marine  
  63  9:52  SCV  
  64  9:53  SCV  
  64  9:54  SCV  
  64  9:55  Marine x2  
  64  9:59  Siege Tank  
  71  10:01  Medivac  
  71  10:05  SCV, Medivac  
  76  10:14  Marine  
  76  10:16  Marine x4  
  76  10:17  SCV  
  76  10:18  Marine  
  81  10:27  SCV  
  78  10:29  SCV x2  
  78  10:32  Marine  
  78  10:33  Marine x2  
  78  10:34  Marauder, Marine  
  74  10:35  Marine  
  74  10:39  SCV  
  74  10:41  SCV  
  67  10:43  Siege Tank, Medivac  
  67  10:49  SCV  
  73  10:50  Marine  
  73  10:51  Marine x2  
  73  10:52  Marine  
  73  10:53  SCV  
  73  10:54  Marauder  
  73  10:56  Marauder  
  73  10:57  Refinery x2  
  82  10:58  Medivac  
  84  11:05  SCV  
  84  11:08  Marine  
  84  11:09  SCV, Marine x2  
  84  11:10  Marauder  
  85  11:15  SCV, Marauder  
  85  11:17  Marauder  
  78  11:21  SCV  
  69  11:26  Marine  
  69  11:27  Marine x2  
  69  11:31  Marauder  
  69  11:36  Marine  
  69  11:38  Marine  
  69  11:39  SCV x2  
  70  11:42  SCV  
  70  11:44  Marine  
  70  11:45  Marine x2  
  72  11:51  SCV  
  72  11:53  Marauder  
  73  11:54  Marauder  
  73  11:55  SCV  
  73  11:56  Marine  
  73  11:58  Liberator  
  73  11:59  Siege Tank  
  80  12:01  Marine  
  80  12:02  SCV, Marine  
  80  12:03  Marine  
  80  12:05  Liberator  
  85  12:12  SCV  
  85  12:13  Marine  
  85  12:14  SCV, Marauder  
  85  12:15  Marine  
  92  12:19  Marine  
  92  12:21  Orbital Command, Marine x2  
  99  12:27  SCV  
  99  12:28  SCV  
  101  12:33  Missile Turret  
  101  12:34  Marauder x2  
  101  12:35  Marine  
  106  12:37  Marine  
  106  12:41  SCV x2, Liberator  
  106  12:42  Marine x2  
  111  12:47  SCV  
  112  12:53  SCV, Marine  
  112  12:55  Marauder, Marine  
  112  12:56  Marauder  
  122  13:00  Marine x2  
  122  13:01  SCV  
  122  13:03  SCV  
  122  13:05  SCV  
  127  13:11  Marauder  
  129  13:13  Marine  
  129  13:17  Marauder  
  129  13:18  Marine  
  133  13:21  Supply Depot  
  133  13:22  Supply Depot  
  133  13:25  Marine  
  133  13:26  Marauder  
  136  13:30  Marine  
  136  13:32  Marauder  
  132  13:35  SCV, Marine  
  132  13:38  Marauder  
  119  13:43  Marine  
  119  13:47  Marauder  
  116  13:48  Marine  
  116  13:53  Marine, Medivac  
  116  13:54  Marauder  
  118  13:55  Medivac  
  118  13:57  SCV x2  
  118  13:58  SCV  
  118  14:00  Marauder  
  118  14:01  Marine  
  126  14:06  Marine  
  126  14:09  SCV x2, Marauder  
  128  14:11  Marine  
  128  14:15  Marine  
  130  14:19  Marine  
  130  14:20  Marine  
  130  14:21  SCV x2  
  130  14:23  Medivac  
  125  14:24  Marine  
  125  14:25  Medivac  
  125  14:29  Marine  
  125  14:30  Marauder  
  108  14:33  Marauder  
  98  14:39  Marauder  
  98  14:41  Liberator x2  
  98  14:42  Marine  
  98  14:44  Siege Tank  
  100  14:47  Marine  
  100  14:49  Refinery  
  100  14:50  SCV  
  100  14:51  SCV, Marine  
  100  14:52  Barracks Reactor  
  103  14:54  Armory, Marine  
  103  14:56  Engineering Bay  
  103  14:59  Marine  
  111  15:00  SCV, Marine  
  111  15:02  SCV, Refinery  
  111  15:03  SCV, Bunker  
  111  15:05  Marine  
  116  15:09  Marine  
  116  15:12  SCV, Marauder  
  120  15:15  SCV  
  120  15:16  Siege Tank  
  120  15:17  Barracks, Marine  
  120  15:18  Barracks, Marauder  
  120  15:19  SCV  
  128  15:22  Marine  
  128  15:23  Liberator x2  
  128  15:26  Supply Depot  
  128  15:27  Supply Depot, SCV  
  130  15:31  Marine  
  130  15:32  Marauder, Marine  
  130  15:34  Marauder  
  136  15:39  SCV, Marauder  
  145  15:46  Marine  
  145  15:47  Marine  
  145  15:49  Marine  
  147  15:53  Marauder  
  150  15:58  Marine  
  150  15:59  Marauder  
  150  16:01  Marauder  
  150  16:03  Marine  
  154  16:05  Marine  
  155  16:11  Supply Depot  
  155  16:12  Supply Depot  
  155  16:15  Marauder  
  155  16:17  Marine  
  158  16:20  Marauder  
  158  16:21  Marine  
  158  16:22  Marauder  
  158  16:23  Marine  
  162  16:26  SCV  
  162  16:31  SCV  
  155  16:34  Marine  
  154  16:38  SCV  
Tags
 
Add a new tag
Caveats
  • Supply blocks, unpowered buildings, or Contaminate may cause inaccurate times.
  • Supply counts are checked every 10 seconds.